Cogmind - Beta 13 @@@ ROGUE MODE // 2024.04.11 @ 10:41:02 Player: Jennifer Result: Destroyed by G-47 Trooper with Particle Gun Performance ------------- Evolutions (3) 1500 Regions Visited (7) 1400 Robots Destroyed (68) 340 Value Destroyed (1639) 1639 Prototype IDs (26) 520 Alien Tech Used (0) 0 Bonus (245) 245 TOTAL SCORE: 5644 Bonus ------- High Alert Combat Kills 24 Follower Combat Kills 82 Aligned with FarCom 300 Friendly Fire -161 Cogmind --------- Core Integrity 0/700 Matter 300/300 Energy 75/100 System Corruption 0% Temperature Cool (9) Movement Flying (35) Location -7/Storage Parts ------- > --- POWER (1) -------- (None) > --- PROPULSION (6) --- Improved VTOL Module > --- UTILITY (3) ------ Modified TNC > --- WEAPON (3) ------- (None) > --- INVENTORY (5) ---- Improved Melee Analysis Suite Microactuators Advanced ECM Suite Improved Propulsion Shielding Experimental System Shield Peak State ------------ > --- POWER ------------ Micro Nuclear Core > --- PROPULSION ------- Improved Flight Unit Improved Flight Unit Improved VTOL Module Improved VTOL Module Improved VTOL Module Improved VTOL Module > --- UTILITY ---------- Medium Storage Unit Modified TNC System Shield > --- WEAPON ----------- Katana Greatsword > --- INVENTORY -------- Improved Flight Unit Improved VTOL Module Xenon Bombardment Thruster Machine Analyzer Improved Melee Analysis Suite Microactuators Advanced ECM Suite Reaction Control System Improved Light Armor Plating Experimental System Shield [Rating: 51] Favorites ----------- Power Light Ion Engine Engine Light Ion Engine Power Core Micro Nuclear Core Propulsion Improved VTOL Module Treads Light Treads Wheel Wheel Flight Unit Improved VTOL Module Utility Modified TNC Device Trap Scanner Storage Huge Storage Unit Processor Modified TNC Hackware System Shield Protection Core Shielding Weapon Autogun Energy Gun Small Laser Energy Cannon Beam Cannon Ballistic Gun Autogun Launcher Missile Launcher Special Weapon Mining Laser Slashing Weapon Katana Build | -11 -10 -10 -10 -9 -8 -7 -7 ------- Run | Yrd Mat Min Exi Min Mat Fac Sto Slots Evolved 6 | . . . . . 4 2 . Power . | . . . . . . . . Propulsion 4 | . . . . . 2 2 . Utility 1 | . . . . . 1 . . Weapon 1 | . . . . . 1 . . Parts Attached 85 | 6 14 2 . 3 39 18 3 Power 8 | 1 . . . . 5 2 . Engine 5 | 1 . . . . 3 1 . Core 3 | . . . . . 2 1 . Reactor . | . . . . . . . . Propulsion 29 | 2 2 2 . . 15 5 3 Treads 1 | . 1 . . . . . . Leg . | . . . . . . . . Wheel 14 | 2 1 2 . . 9 . . Hover . | . . . . . . . . Flight 14 | . . . . . 6 5 3 Utility 16 | 1 2 . . 1 10 2 . Device 4 | . . . . . 4 . . Storage 6 | 1 1 . . . 4 . . Processor 1 | . . . . . 1 . . Hackware 1 | . . . . . . 1 . Protection 4 | . 1 . . 1 1 1 . Artifact . | . . . . . . . . Weapon 32 | 2 10 . . 2 9 9 . Energy Gun 3 | 2 1 . . . . . . Energy Cannon 2 | . 2 . . . . . . Ballistic Gun 14 | . 2 . . 1 8 3 . Ballistic Cannon . | . . . . . . . . Launcher 6 | . 2 . . 1 1 2 . Special Weapon 3 | . 3 . . . . . . Impact Weapon . | . . . . . . . . Slashing Weapon 4 | . . . . . . 4 . Piercing Weapon . | . . . . . . . . Special Melee Weapon . | . . . . . . . . Unidentified Prototypes 3 | . . . . . 3 . . Parts Lost 25 | . 4 . . . 9 . 12 Power 3 | . . . . . 2 . 1 Propulsion 12 | . 1 . . . 4 . 7 Utility 2 | . . . . . . . 2 Weapon 8 | . 3 . . . 3 . 2 Highest Loss Streak 7 | . 2 . . . 2 . 7 To Critical Strikes 1 | . . . . . 1 . . Average Slot Usage (%) 93 | . 95 100 100 100 92 89 85 Engine 6 | . 14 14 14 14 3 1 . Core 3 | . . . . . 5 5 5 Wheel 20 | . 27 28 28 28 29 . . Flight 14 | . . . . . 5 45 45 Device 2 | . . . . . 7 . . Storage 10 | . 14 14 14 14 9 7 7 Processor 4 | . . . . . 8 7 7 Hackware 1 | . . . . . . 6 6 Protection 5 | . 9 14 14 14 1 . . Energy Gun 2 | . 16 . . . . . . Ballistic Gun 13 | . 2 28 28 24 21 . . Launcher 1 | . 2 . . 3 . 4 . Slashing Weapon 2 | . . . . . . 8 10 Naked Turns . | . . . . . . . . Heaviest Build 101 | 11 90 90 90 92 101 26 23 Greatest Support 64 | 20 20 20 20 20 64 30 30 Greatest Overweight (x) 4 | . 4 4 4 4 3 . . Average Overweight (x) 1 | . 3 4 4 4 . . . Largest Inventory Capacity 25 | 8 25 25 25 25 25 10 10 Average Capacity 19 | 7 23 25 25 25 20 10 9 Most Carried 25 | 8 20 24 22 19 25 10 10 Average Carried 15 | 4 14 21 20 18 17 9 9 Final Capacity 25 | 8 25 25 25 25 10 10 5 Final Carried 22 | 8 20 22 19 18 10 10 5 Class Distribution -------------------- 45% | Mutant 27% | Skirmisher 24% | Sprinter Dominant Class ---------------- Mutant | -10/Materials Mutant | -10/Mines Mutant | -10/Exiles Mutant | -9/Mines Skirmisher | -8/Materials Sprinter | -7/Factory Sprinter | -7/Storage Resources | -11 -10 -10 -10 -9 -8 -7 -7 ----------- Run | Yrd Mat Min Exi Min Mat Fac Sto Matter Collected 2186 | 260 129 212 . 140 1084 113 248 Remotely . | . . . . . . . . Salvage Created 2080 | 118 326 116 . 241 1236 43 . Parts 125 | 9 20 9 . 12 72 3 . Haulers Intercepted 6 | . 1 . . . 5 . . Recyclers Shooed . | . . . . . . . . Parts Field Recycled . | . . . . . . . . Retrieved Matter . | . . . . . . . . Parts Self-Destructed . | . . . . . . . . Prevented . | . . . . . . . . Kills | -11 -10 -10 -10 -9 -8 -7 -7 ------- Run | Yrd Mat Min Exi Min Mat Fac Sto Combat Hostiles Destroyed 45 | . 8 . . 5 28 4 . Guns 21 | . 2 . . 2 17 . . Cannons 1 | . 1 . . . . . . AOE 23 | . 5 . . 3 11 4 . Classes Destroyed 10 | 2 6 . . . 2 . . Worker 4 | . 3 . . . 1 . . Builder 2 | . 1 1 . . . . . Tunneler 3 | 2 . . . 1 . . . Hauler 6 | . 1 . . . 5 . . Recycler 5 | 1 2 1 . 1 . . . Operator 2 | . 2 . . . . . . Swarmer 20 | . 3 . . 3 10 4 . Grunt 17 | . 5 . . 3 9 . . Sentry 8 | . . . . . 8 . . Hunter 1 | . . . . . 1 . . Best Kill Streak 12 | 3 12 1 . 3 7 4 . Combat Bots Only 6 | . 5 . . 3 6 4 . Max Kills in Single Turn 6 | 2 6 1 . 3 6 3 . Gunslinging 1 | . . . . . 1 . . Exploded 5 | . 2 . . 2 5 3 . Melee . | . . . . . . . . Uniques/NPCs Destroyed . | . . . . . . . . Combat | -11 -10 -10 -10 -9 -8 -7 -7 -------- Run | Yrd Mat Min Exi Min Mat Fac Sto Hostile Shots Fired 406 | . 37 . . 11 103 45 210 Missed 171 | . 11 . . 2 19 26 113 Damage Taken 3420 | . 477 . . 93 1168 649 1033 Core 963 | . 100 . . . 163 312 388 Absorbed by Shields 37 | . . . . . . . 37 Redirected to Shielding 22 | . 22 . . . . . . Regen/Repaired (Parts) 43 | . . . . . . 43 . Core Remaining (%) 76 | 100 . . . 60 70 . . Volleys Fired 136 | 8 28 2 . 13 81 4 . Largest 3 | 2 2 2 . 2 3 1 . Hottest 100 | 80 100 46 . 46 73 36 . Shots Fired 311 | 16 48 4 . 24 215 4 . Gun 274 | 16 22 4 . 22 210 . . Cannon 18 | . 18 . . . . . . Launcher 15 | . 4 . . 2 5 4 . Special 4 | . 4 . . . . . . Kinetic 240 | . 4 4 . 22 210 . . Thermal 44 | 8 36 . . . . . . Explosive 15 | . 4 . . 2 5 4 . Electromagnetic 12 | 8 4 . . . . . . Robot Hit Streak 20 | 7 12 3 . 20 13 1 . Robot Miss Streak 5 | 2 3 1 . 1 5 1 . Penetration Max . | . . . . . . . . Secondary Targets 2 | . . . . . 2 . . Max Gunslinging Chain 1 | . . . . . 1 . . Shots Hit Robots 210 | 9 27 3 . 20 146 5 . Core Hits 111 | 4 24 3 . 12 60 8 . Critical Kills 2 | . . . . . 2 . . Critical Parts Destroyed 1 | . . . . . 1 . . Critical Strikes 6 | 1 1 . . . 3 1 . Destroy 3 | . . . . . 3 . . Corrupt 2 | 1 1 . . . . . . Sever 1 | . . . . . . 1 . Melee Attacks 44 | . . . . . . 28 16 Impact . | . . . . . . . . Slashing 44 | . . . . . . 28 16 Piercing . | . . . . . . . . Sneak Attacks 1 | . . . . . . 1 . Combat Hostiles . | . . . . . . . . Follow-up Attacks 2 | . . . . . . 2 . Damage Inflicted 5754 | 120 1526 40 . 603 2759 706 . Guns 2823 | 120 178 40 . 285 2200 . . Cannons 191 | . 191 . . . . . . Explosions 2406 | . 1157 . . 309 559 381 . Melee 325 | . . . . . . 325 . Ramming 9 | . . . . 9 . . . Kinetic 2541 | . 16 40 . 285 2200 . . Thermal 423 | 44 379 . . . . . . Explosive 2340 | . 1091 . . 309 559 381 . Electromagnetic 116 | 76 40 . . . . . . Impact . | . . . . . . . . Slashing 325 | . . . . . . 325 . Piercing . | . . . . . . . . Highest Corruption . | . . . . . . . . Average Corruption . | . . . . . . . . Corruption Purged . | . . . . . . . . Corruption Blocked . | . . . . . . . . Overload Shots . | . . . . . . . . Overflow Damage 163 | . 115 . . 9 . 39 . Projectiles . | . . . . . . . . Explosions 160 | . 115 . . 9 . 36 . Melee 3 | . . . . . . 3 . Knockbacks . | . . . . . . . . Impact . | . . . . . . . . Kinetic . | . . . . . . . . Secondary . | . . . . . . . . Self-Inflicted Damage 275 | . 130 . . 4 . 141 . Shots 5 | . 2 . . . . 3 . Rammed 1 | . . . . 1 . . . Targets Rammed 1 | . . . . 1 . . . Kicked . | . . . . . . . . Crushed . | . . . . . . . . Highest Temperature 482 | 126 482 6 . 38 146 258 29 Average Temperature 61 | 58 156 4 . 19 38 53 7 Received Heat Transfer 1179 | . 213 . . 42 513 39 372 Effects 4 | . 4 . . . . . . Shutdowns 2 | . 2 . . . . . . Matter Decay 2 | . 2 . . . . . . Siege Activations . | . . . . . . . . Robots Corrupted . | . . . . . . . . Combat Hostiles . | . . . . . . . . Parts Fried 1 | 1 . . . . . . . Impact Corruptions . | . . . . . . . . Robots Melted . | . . . . . . . . Combat Hostiles . | . . . . . . . . Parts Melted 2 | . 2 . . . . . . Heat Transferred 882 | 100 782 . . . . . . Parts Sabotaged . | . . . . . . . . Parts Stolen . | . . . . . . . . Parts Stripped . | . . . . . . . . Power Chain Reactions 1 | . 1 . . . . . . Alert | -11 -10 -10 -10 -9 -8 -7 -7 ------- Run | Yrd Mat Min Exi Min Mat Fac Sto Peak Influence 704 | 15 253 103 . 184 376 650 704 Initial 244 | . 9 98 . . 71 150 244 Average 237 | 5 61 75 . 97 212 452 532 Maximum Alert Level 3 | . 1 . . . 1 2 3 Low Security (%) 47 | 100 89 100 . 100 34 4 . Level 1 31 | . 10 . . . 65 36 2 Level 2 21 | . . . . . . 59 96 Level 3 . | . . . . . . . . Level 4 . | . . . . . . . . Level 5 . | . . . . . . . . High Security . | . . . . . . . . Max Security . | . . . . . . . . Squads Dispatched 22 | . 2 . . 2 2 10 6 Investigation 11 | . 1 . . . 1 6 3 Extermination . | . . . . . . . . Reinforcement 9 | . 1 . . 2 1 3 2 Assault 2 | . . . . . . 1 1 Garrison . | . . . . . . . . Intercept . | . . . . . . . . Searches Triggered 1 | . . . . . . . 1 Construction Impeded 3 | . . . . 2 . 1 . Haulers Reinforced . | . . . . . . . . Active Scanning Responses . | . . . . . . . . Cargo Convoy Interrupts 1 | . . . . . . 1 . Stealth | -11 -10 -10 -10 -9 -8 -7 -7 --------- Run | Yrd Mat Min Exi Min Mat Fac Sto Distress Signals 12 | . 2 . . . 7 1 2 Communications Jammed . | . . . . . . . . Distress Signals . | . . . . . . . . Times Spotted 144 | . 19 . . 6 44 21 54 Peak Tracking Total 29 | . 7 . . 4 7 6 29 Tactical Retreats 20 | . 1 . . . 4 5 10 Traps | -11 -10 -10 -10 -9 -8 -7 -7 ------- Run | Yrd Mat Min Exi Min Mat Fac Sto Traps Triggered 4 | . . . . . 1 1 2 Indirectly . | . . . . . . . . Trap Hack Attempts . | . . . . . . . . Triggered . | . . . . . . . . Disarmed . | . . . . . . . . Reprogrammed . | . . . . . . . . Reused . | . . . . . . . . Traps Extracted . | . . . . . . . . Installed . | . . . . . . . . Triggered 1 | . . . . . . 1 . Machines | -11 -10 -10 -10 -9 -8 -7 -7 ---------- Run | Yrd Mat Min Exi Min Mat Fac Sto Machines Disabled 7 | . 2 . . . . 2 3 Max in Single Turn 2 | . 1 . . . . 2 1 Garrison Access 5 | . . . . . 1 3 1 Machines Repaired . | . . . . . . . . Machines Dismantled . | . . . . . . . . Machines Sabotaged . | . . . . . . . . Overloaded Fab Kills . | . . . . . . . . Hacking | -11 -10 -10 -10 -9 -8 -7 -7 --------- Run | Yrd Mat Min Exi Min Mat Fac Sto Machines Accessed 40 | . 6 . 1 . 11 15 7 Terminals 30 | . 6 . . . 9 9 6 Fabricators 2 | . . . . . . 2 . Repair Stations 1 | . . . . . . 1 . Recycling Units 1 | . . . . . . 1 . Scanalyzers 1 | . . . . . 1 . . Garrison Access 4 | . . . . . 1 2 1 Total Hacks 124 | . 23 . 1 . 44 41 15 Successful 47 | . 10 . 1 . 20 13 3 Failed 77 | . 13 . . . 24 28 12 Catastrophic 20 | . 2 . . . 6 6 6 Database Lockouts . | . . . . . . . . Manual 70 | . 16 . 1 . 33 16 4 Terminals 96 | . 23 . . . 37 23 13 Fabricators 8 | . . . . . . 8 . Repair Stations 3 | . . . . . . 3 . Recycling Units 2 | . . . . . . 2 . Scanalyzers 6 | . . . . . 6 . . Garrison Access 8 | . . . . . 1 5 2 Terminal Hacks 18 | . 6 . 1 . 5 3 3 Record 1 | . . . . . . 1 . Robot Analysis 1 | . . . . . . . 1 Open Door 2 | . . . . . . . 2 Level Access Points 1 | . . . . . 1 . . Branch Access Points 1 | . 1 . . . . . . Emergency Access Points 1 | . 1 . . . . . . Garrison Index 1 | . . . . . . 1 . Alert Level 1 | . . . . . 1 . . Unreport Threat 2 | . . . . . 1 1 . Locate Traps 2 | . 1 . . . 1 . . Hauler Manifests 1 | . 1 . . . . . . Registered Components 1 | . 1 . . . . . . Zone Layout 2 | . 1 . . . 1 . . Derelict Proto ID Bank 1 | . . . 1 . . . . Fabricator Hacks 3 | . . . . . . 3 . Network Status 1 | . . . . . . 1 . Load Schematic 2 | . . . . . . 2 . Repair Station Hacks 2 | . . . . . . 2 . Scan Component 1 | . . . . . . 1 . Repair 1 | . . . . . . 1 . Recycling Unit Hacks 1 | . . . . . . 1 . Retrieve Matter 1 | . . . . . . 1 . Scanalyzer 6 | . . . . . 6 . . Insert Component 3 | . . . . . 3 . . Analyze 3 | . . . . . 3 . . Garrison Access Hacks 2 | . . . . . 1 1 . Seal Access 2 | . . . . . 1 1 . Unauthorized Hacks 15 | . 4 . . . 8 3 . Terminals 14 | . 4 . . . 8 2 . Assimilate 3 | . . . . . 3 . . Botnet 11 | . 4 . . . 5 2 . Fabricators . | . . . . . . . . Repair Stations . | . . . . . . . . Recycling Units . | . . . . . . . . Scanalyzers . | . . . . . . . . Garrison Access 1 | . . . . . . 1 . Jam 1 | . . . . . . 1 . Data Cores Recovered . | . . . . . . . . Used . | . . . . . . . . Hacking Detections 32 | . 5 . . . 9 13 5 Full Trace Events 13 | . 2 . . . 3 5 3 Feedback Events . | . . . . . . . . Feedback Blocked . | . . . . . . . . Robot Schematics Acquired . | . . . . . . . . Robots Built . | . . . . . . . . Authchips . | . . . . . . . . Time . | . . . . . . . . Total Robot Build Rating . | . . . . . . . . Part Schematics Acquired 2 | . . . . . 2 . . Parts Built . | . . . . . . . . Authchips . | . . . . . . . . Time . | . . . . . . . . Total Part Build Rating . | . . . . . . . . Parts Repaired 1 | . . . . . . 1 . Time 60 | . . . . . . 60 . Parts Recycled . | . . . . . . . . Recycled Matter . | . . . . . . . . Retrieved Matter . | . . . . . . . . Retrieved Components . | . . . . . . . . Parts Scanalyzed 3 | . . . . . 3 . . Part Schematics Acquired 2 | . . . . . 2 . . Parts Damaged . | . . . . . . . . Bothacking | -11 -10 -10 -10 -9 -8 -7 -7 ------------ Run | Yrd Mat Min Exi Min Mat Fac Sto Used RIF Installer . | . . . . . . . . Robots Hacked . | . . . . . . . . Non-combat . | . . . . . . . . Combat . | . . . . . . . . Robot Hacks Applied . | . . . . . . . . Relay Couplers Released 5 | . . . . . . 3 2 Machine Destruction 5 | . . . . . . 3 2 Fabnet Peak Effective % . | . . . . . . . . Robots Rewired . | . . . . . . . . Allies Hacked . | . . . . . . . . Hacks Repelled . | . . . . . . . . Allies | -11 -10 -10 -10 -9 -8 -7 -7 -------- Run | Yrd Mat Min Exi Min Mat Fac Sto Total Allies 13 | . . 3 . . . . 10 Largest Group 10 | . . 3 3 3 . . 10 Highest-Rated Group 173 | . . 40 40 40 . . 173 Highest-Rated Ally 29 | . . 16 16 16 . . 29 Total Orders . | . . . . . . . . Ally Attacks 73 | . . . . 11 . . 62 Total Damage 931 | . . . . 105 . . 826 Kills 7 | . . . . 1 . . 6 Allies Corrupted . | . . . . . . . . Allies Melted . | . . . . . . . . Intel | -11 -10 -10 -10 -9 -8 -7 -7 ------- Run | Yrd Mat Min Exi Min Mat Fac Sto Robot Analysis Total 1 | . . . . . . . 1 Derelict Logs Recovered 1 | . . 1 . . . . . Drone Launches . | . . . . . . . . Drone Recoveries . | . . . . . . . . Exploration | -11 -10 -10 -10 -9 -8 -7 -7 ------------- Run | Yrd Mat Min Exi Min Mat Fac Sto Turns Passed 5593 | 105 968 522 318 309 1850 965 556 Spaces Moved 5874 | 80 625 365 226 145 1164 2466 803 Core 3 | 3 . . . . . . . Treads . | . . . . . . . . Legs . | . . . . . . . . Wheels 2269 | 77 625 365 226 145 831 . . Hover . | . . . . . . . . Flight 3602 | . . . . . 333 2466 803 Fastest Speed 20 | 50 80 140 140 140 26 21 20 Average Speed 65 | 78 131 140 140 140 96 23 25 Slowest Speed 140 | 80 140 140 140 140 135 24 35 Overloaded Moves . | . . . . . . . . Propulsion Burnouts . | . . . . . . . . Robots Hopped 52 | . . . . . 1 17 34 Cave-ins Triggered 1 | . . . . . . 1 . Exploration Rate (%) 60 | 4 91 77 61 26 79 57 87 Regions Visited 7 Branch Regions 4 Pre-discovered Areas 1 | . . . . . . . 1 Known Exits Taken 2 | . 1 . . . 1 . . Unknown Exits Taken 5 | 1 . 1 1 1 . 1 . Scrap Searched 3 | . . 1 . 2 . . . Spaces Dug 54 | . 4 . . 13 9 19 9 Terrain Destroyed 154 | . 33 . . 22 45 45 9 Melee 28 | . . . . . . 19 9 Projectile 4 | . 4 . . . . . . AOE 122 | . 29 . . 22 45 26 . Terrain Rammed . | . . . . . . . . Walls Destroyed . | . . . . . . . . Machines Disabled . | . . . . . . . . Actions | -11 -10 -10 -10 -9 -8 -7 -7 --------- Run | Yrd Mat Min Exi Min Mat Fac Sto Total 7302 | 103 713 373 230 230 1772 2787 1094 Wait 1073 | 1 31 1 . 68 418 261 293 Move 5766 | 79 624 364 225 144 1161 2432 737 Hop 49 | . . . . . 1 16 32 Pick Up 71 | 9 13 2 1 . 30 14 2 Fast Attach 24 | 5 5 . . . 8 6 . Attach 32 | 1 2 . . . 18 9 2 Detach 17 | . 2 . . . 10 5 . Swap 29 | . 7 2 . 3 13 3 1 Drop 56 | . 1 2 4 1 32 13 3 Fire 136 | 8 28 2 . 13 81 4 . Melee 40 | . . . . . . 24 16 Ram 1 | . . . . 1 . . . Kick . | . . . . . . . . Crush . | . . . . . . . . Escape Stasis 8 | . . . . . . . 8 Rewire . | . . . . . . . . Trap . | . . . . . . . . Miscellaneous . | . . . . . . . . Route ------- -11/Scrapyard -10/Materials (discovered 4 exits: [*Mat x2] / *Min x2) -10/Mines (discovered 2 exits: [*Mat] / *Exi) -10/Exiles (discovered 2 exits: [*Min x2]) -9/Mines -8/Materials (discovered 3 exits: *Fac x3) -7/Factory (discovered 3 exits: [*Fac] / *Sto / [*Low]) -7/Storage (discovered 1 exit: [*Fac]) History --------- Turn | Location | Event 9 | -11/Scrapyard | Discovered new exit (range 14) 106 | -11/Scrapyard | Entered Materials 240 | -10/Materials | Identified exit to Mines 318 | -10/Materials | Build established: Mutant 501 | -10/Materials | Discovered new exit (range 8) 943 | -10/Materials | Discovered new exit (range 8) 1074 | -10/Materials | Entered Mines 1077 | -10/Mines | Assisted by bots powering up and referring to "LRC-V3" 1116 | -10/Mines | Discovered new exit (range 13) 1175 | -10/Mines | Learned Materials terminal intel 1223 | -10/Mines | Received a Rocket Launcher from a helpful Derelict 1271 | -10/Mines | Deemed a non-threat by the Exiles lab entrance 1271 | -10/Mines | Discovered new exit (range 5) 1596 | -10/Mines | Entered Exiles 1596 | -10/Exiles | Accompanied by 3 allies 1615 | -10/Exiles | Discovered new exit (range 15) 1631 | -10/Exiles | Met 8R-AWN 1652 | -10/Exiles | Met EX-HEX 1696 | -10/Exiles | Met EX-BIN 1715 | -10/Exiles | Aligned with FarCom system 1717 | -10/Exiles | Given EX-Vault access code 1755 | -10/Exiles | Opened EX-Vault 1778 | -10/Exiles | Found Modified TNC 1809 | -10/Exiles | Warned to stay clear of 0b10 Research branches 1847 | -10/Exiles | Met EX-DEC 1899 | -10/Exiles | Discovered new exit (range 11) 1914 | -10/Exiles | Left Exiles lab with Modified TNC 1914 | -10/Exiles | Entered Mines 1914 | -9/Mines | Accompanied by 3 allies 2207 | -9/Mines | Discovered new exit (range 8) 2223 | -9/Mines | Entered Materials 2223 | -8/Materials | Evolved 4 slots: Propulsion x2, Utility x1, Weapon x1 2224 | -8/Materials | Loaded intel: 12 terminal locations 2597 | -8/Materials | Build established: Skirmisher 3238 | -8/Materials | Identified exit to Factory 4073 | -8/Materials | Entered Factory 4073 | -7/Factory | Evolved 2 slots: Propulsion x2 4101 | -7/Factory | Discovered new exit (range 11) 4361 | -7/Factory | Build established: Sprinter 4500 | -7/Factory | Repaired Imp. VTOL Module 4698 | -7/Factory | Discovered new exit (range 5) 4813 | -7/Factory | Cargo convoy interrupted 4893 | -7/Factory | Found Prototype Hackware 4987 | -7/Factory | Discovered new exit (range 6) 5027 | -7/Factory | Crushed by falling debris 5038 | -7/Factory | Entered Storage 5105 | -7/Storage | Assisted by bots powering up and referring to "LRC-V3" 5184 | -7/Storage | Lost 3 allies 5438 | -7/Storage | Search patrols dispatched 5445 | -7/Storage | Core integrity fell below 50% 5543 | -7/Storage | Lost 4 parts (1p2n1w) 5564 | -7/Storage | Core integrity fell below 20% 5588 | -7/Storage | Learned location of Armory (-4) 5591 | -7/Storage | Discovered new exit (range 7) 5594 | -7/Storage | Destroyed by G-47 Trooper with Particle Gun Last Messages --------------- 05579_ Critical hit (Burn: +37). 05581_ C-30 ARC bursts open, deploying its payload. 05581_ G-50 Soldier unfolds itself. 05581_ G-47 Trooper unfolds itself. 05581_ Penetrated by Slug. 05581_ System Shield destroyed. 05581_ Penetrated by Slug. 05581_ Imp. VTOL Module destroyed. 05586_ A derelict emerges from hiding: "Psst-beep. Hey you, we've already cleared out from here, don't stick around. I stayed behind to warn any stragglers, and you certainly look like you're straggling." 05588_ PX-NCC(g): "We'll attack Armory later, meet at one of the rendevous points." World map updated: -4/Armory. 05588_ PX-NCC(g) slips back into hiding. 05590_ Slug penetrates Wall. 05591_ Cesium-ion Thruster destroyed. 05591_ Med. Storage Unit destroyed. 05591_ EXIT=FOUND 05592_ Imp. VTOL Module destroyed. Map ----- +----------------------------------------------------+ | ???????????????# ##### | | ???????????????# | | ???????????????# ##### ## | | ???????????????## ##??####+#### | | ?????????????##?# #???# | | ????????#[???# # #???# """ | | ????????? [ " # #???# "??""" | | ????????????? / #???# "????" | | ????????? " # a #???# "????" | | ????????# ???#T## #???# """"?" | | ?????????????##?#g #???# """ | | ????????????????# #???# | | ????????????????# h #???# | | ???????####???Y##gg #???######### | | ???????! ## #???????????? | | ??????? """ ## #####???????? | | ??????? "T" ## # #???????? | | ??????? ## + #???????? | | ??????? ## # #???????? | | ??????#""" ## #####???????? | | ???????""" ## #???????????? | | ????????"" ## #???????????? | | ????????? ?## ##??????????? | | ?????######g####!! #??????????? | | ?????# g! Y #??????????? | | ?????# <@ g #??????????? | | ?????# #??????????? | | ?????########### #??????????? | | ????????????????######??????????? | | | | | | | | | | | | | | | | | | | | | | | | | | | | | | | | | | | | | | | | | | | +----------------------------------------------------+ Best States ------------- Heat Dissipation 34 Energy Generation 16 Energy Capacity 290 Matter Stores 300 Matter Capacity 300 Sight Range 16 Terrain Scan Density 10 Base Temperature (-) 100 Armor Coverage 225 Core Shielding 20 Evasion (%) 66 Recoil Reduction 1 Defensive Hacking 10 Item Schematics ----------------- Imp. VTOL Module | -8/Materials | Scanalyzed Missile Launcher | -8/Materials | Scanalyzed Robot Schematics ------------------ None Fabricated ------------ Nothing Alien Tech Used ----------------- None Achievements -------------- None Challenges ------------ None Game ------ Seed ModifiedPiercingBrace Manual? 0 Play Time 01:32:22 Cumulative 42.5 hours Start 2024.04.11 @ 09:02:55 End 2024.04.11 @ 10:41:02 Sessions 1 Manual Loads 0 Difficulty Rogue Special Mode None Game No. 62 Rogue 62 Adventurer 0 Explorer 0 Win Type - Total 0 Types 0/0/0/0/0/0/0/0/0 Lore% 17 Gallery% 26 Achievement% 26 Wizard Run 0 Options --------- Layout 0 ASCII 0 Keyboard 1 Movement Numpad Keybinds 0 Fullscreen 2 Font 18/Terminus Map View 76x50 Zoom Use 0% Tactical HUD 1 Map Filters NONE Filters NONE Steam 1 RUN: 57d5fbee-551a-4f65-8e27-ded1798a5447